 Dungeon Crawl Stone Soup version 0.19.1-1-g22dce08 (webtiles) character file.

386 Macro the Cutter (level 7, 0/47 HPs)
             Began as a Halfling Fighter on Jan 15, 2017.
             Slain by Grinder (5 damage)
             ... on level 3 of the Dungeon.
             The game lasted 00:14:40 (1684 turns).

Macro the Cutter (Halfling Fighter)                 Turns: 1684, Time: 00:14:41

Health: 0/47       AC: 13    Str: 14 (17) XL:     7   Next: 6%
Magic:  7/7        EV:  3    Int:  5 (6)  God:
Gold:   93         SH: 10    Dex: 15 (16) Spells: 0 memorised, 6 levels left

rFire  + . .     SeeInvis .     a - +0 rapier
rCold  . . .     Gourm    .     e - +0 plate armour
rNeg   . . .     Faith    .     c - +0 shield
rPois  .         Spirit   .     (no helmet)
rElec  .         Reflect  .     (no cloak)
rCorr  .         Harm     .     i - +0 pair of gloves
MR     .....                    (no boots)
Stlth  ..........               (no amulet)
                                (no ring)
                                d - ring of protection from fire

@: slowed, very slow
A: mutation resistance 1
a: no special abilities


You were on level 3 of the Dungeon.
You were not hungry.

You visited 1 branch of the dungeon, and saw 4 of its levels.
You also visited: Ossuary.

You collected 93 gold pieces.

Inventory:

Hand Weapons
 a - a +0 rapier (weapon)
Missiles
 k - 4 javelins (quivered)
Armour
 c - a +0 shield (worn)
 e - a +0 plate armour (worn)
 i - a +0 pair of gloves (worn)
Jewellery
 d - a ring of protection from fire (left hand)
Scrolls
 b - 2 scrolls of remove curse {unknown}
 h - 3 scrolls of amnesia {unknown}
 j - 6 scrolls of identify {unknown}
 l - 2 scrolls of random uselessness {unknown}
 m - a scroll of enchant armour {unknown}
 n - 2 scrolls of immolation {unknown}
 p - a scroll of fear {unknown}
 q - a scroll of blinking {unknown}
Potions
 f - a potion of magic
 o - 2 potions of curing
Comestibles
 g - 2 fruits


   Skills:
 + Level 3.8 Fighting
 + Level 5.9 Short Blades
 + Level 4.3 Armour
 + Level 4.5 Shields


You had 6 spell levels left.
You didn't know any spells.

Dungeon Overview and Level Annotations

Branches:
Dungeon (4/15)
 Temple: D:4-7

Altars:

Annotations:
D:3 Grinder


Innate Abilities, Weirdness & Mutations

You are small and have problems with some larger weapons.
You are somewhat resistant to further mutation.


Message History

You hit Grinder but do no damage.
Grinder is moderately wounded.
Grinder barely misses you. Grinder hits you but does no damage.
Your plate armour prevents you from hitting Grinder.
Grinder is moderately wounded.
Grinder hits you but does no damage.
You closely miss Grinder.
Grinder is moderately wounded.
Grinder hits you.
* * * LOW HITPOINT WARNING * * *
You block Grinder's attack.
You closely miss Grinder.
Grinder is moderately wounded.
Grinder hits you but does no damage.
You closely miss Grinder.
Grinder is moderately wounded.
You block Grinder's attack. Grinder hits you.
* * * LOW HITPOINT WARNING * * *
You writhe in agony.
You die...

#.. #.#
### #.# #
# ..
#...#.#
###.##
#.#...
.....
#...
#.####...
###.####
#.......#
#.5.†..#
#######.#
#@#.##.#
#.......#
#.#.## #
#.......#
#.#..# #
#>.......
#.##.#.#
#........
#.##>#.#
#.......#
#......#
#.......#
####.###
#.......#
#.#
#########
#.# #..
..#


You could see Grinder.

Vanquished Creatures
  2 elf skeletons (D:4)
  A human zombie (D:4)
  An orc priest (D:4)
  A centaur skeleton (D:4)
  3 human skeletons (D:4)
  Natasha (D:3)
  2 mummies (Ossuary)
  An adder (D:4)
  A dart slug (D:1)
  A leopard gecko (D:1)
  4 orcs (D:4)
  A bat (D:1)
  3 giant cockroaches
  A gnoll zombie (Ossuary)
  2 goblins
  3 hobgoblins
  4 jackals
  A ball python (D:3)
  2 frilled lizards
  2 gnoll skeletons (Ossuary)
  A goblin zombie (Ossuary)
  2 hobgoblin skeletons (Ossuary)
  3 hobgoblin zombies (Ossuary)
  2 kobolds (D:2)
  A kobold zombie (Ossuary)
  5 orc skeletons
  3 orc zombies
  A rat skeleton (Ossuary)
55 creatures vanquished.

Vanquished Creatures (others)
  Menkaure (Ossuary)
  A mummy (Ossuary)
  A gnoll zombie (Ossuary)
  3 gnoll skeletons (Ossuary)
  3 goblin skeletons (Ossuary)
  5 goblin zombies (Ossuary)
  4 hobgoblin skeletons (Ossuary)
  6 hobgoblin zombies (Ossuary)
  2 kobold skeletons (Ossuary)
  4 orc skeletons (Ossuary)
  4 orc zombies (Ossuary)
  2 rat skeletons (Ossuary)
  2 rat zombies (Ossuary)
38 creatures vanquished.

Grand Total: 93 creatures vanquished

Notes
Turn   | Place    | Note
-------+----------+-------------------------------------------
     0 | D:1      | Macro the Halfling Fighter began the quest for the Orb.
     0 | D:1      | Reached XP level 1. HP: 15/15 MP: 1/1
   145 | D:1      | Reached XP level 2. HP: 20/20 MP: 2/2
   521 | D:2      | Reached XP level 3. HP: 25/25 MP: 3/3
   633 | D:2      | You fall through a shaft for 2 floors!
   654 | D:4      | Reached skill level 3 in Short Blades
   654 | D:4      | Reached XP level 4. HP: 4/31 MP: 4/4
   779 | D:4      | Reached XP level 5. HP: 8/36 MP: 5/5
   807 | D:4      | Reached skill level 4 in Short Blades
   842 | D:4      | Reached XP level 6. HP: 3/42 MP: 6/6
   872 | D:4      | HP: 1/42 [human skeleton (3)]
   875 | D:4      | Reached skill level 5 in Short Blades
   878 | D:4      | Found a sand-covered staircase.
   885 | Ossuary  | Entered an ossuary
   931 | Ossuary  | Killed Menkaure
  1651 | D:3      | Noticed Natasha
  1664 | D:3      | Killed Natasha
  1664 | D:3      | Reached XP level 7. HP: 39/47 MP: 7/7
  1668 | D:3      | Noticed Grinder
  1673 | D:3      | Paralysed by Grinder for 4 turns
  1684 | D:3      | Slain by Grinder

Skill      XL: |  1  2  3  4  5  6 |
---------------+-------------------+-----
Fighting       | 3 |  3.8
Short Blades   | 3 4 5 |  5.9
Armour         | 4 |  4.3
Shields        | 4 |  4.5

Action                   |  1- 3 |  4- 6 |  7- 9 || total
-------------------------+-------+-------+-------++-------
Melee: Rapier            |    89 |   235 |    11 ||   335
  Use: Potion            |     3 |     3 |     1 ||     7
  Eat: Bread ration      |       |     1 |       ||     1
Armor: Plate armour      |    69 |    83 |     6 ||   158
Dodge: Dodged            |    16 |    28 |     1 ||    45
Block: Shield            |    45 |    71 |     4 ||   120
